 Dungeon Crawl Stone Soup version 0.30.1-4-g462c640d31 (webtiles) character file.

Game seed: 18286840147463383917

221 leafyfresh the Covert (level 5, -9/47 HPs)
             Began as a Gnoll Delver on Aug 10, 2023.
             Killed by nerve-wracking pain
             ... invoked by an orc priest
              (11 damage)
             ... on level 4 of the Dungeon.
             The game lasted 00:04:24 (3693 turns).

leafyfresh the Covert (Gnoll Delver)                Turns: 3693, Time: 00:04:24

Health: -9/47      AC: 12    Str: 11    XL:     5   Next: 98%
Magic:  7/7        EV: 13    Int: 11    God:
Gold:   140        SH:  0    Dex: 14    Spells: 7/7 levels left

rFire   . . .        G - +0 mace (protect)
rCold   . . .        (no shield)
rNeg    . . .        b - +0 leather armour
rPois   +            h - +0 helmet
rElec   .            (no cloak)
rCorr   .            (no gloves)
SInv    .            u - +0 pair of boots
Will    .....        (no amulet)
Stlth   ++++         k - ring of poison resistance
HPRegen 0.27/turn    (no ring)
MPRegen 0.10/turn

%: no passive effects
@: under a protective aura
A: fangs 1, strong nose, distributed training
a: no special abilities


You were on level 4 of the Dungeon.
You visited 1 branch of the dungeon, and saw 5 of its levels.

You collected 140 gold pieces.

Inventory:

Hand Weapons
 a - a +0 short sword
 w - a +0 longbow
 y - a +0 sling
 G - a +0 mace of protection (weapon)
Missiles
 v - 2 javelins (quivered)
 x - 6 atropa-tipped darts
Armour
 b - a +0 leather armour (worn)
 h - a +0 helmet (worn)
 u - a +0 pair of boots (worn)
Jewellery
 k - a ring of poison resistance (left hand)
Wands
 g - a wand of digging (2)
 D - a wand of iceblast (8)
 H - a wand of mindburst (16)
Scrolls
 c - a scroll of fog
 d - 2 scrolls of magic mapping
 e - 3 scrolls of fear
 f - 2 scrolls of poison {unknown}
 n - 4 scrolls of teleportation {unknown}
 o - 2 scrolls of noise {unknown}
 p - a scroll of blinking {unknown}
 q - a scroll of vulnerability {unknown}
 A - a scroll of torment {unknown}
 C - 2 scrolls of identify {unknown}
Potions
 i - a potion of brilliance {unknown}
 j - a potion of curing {unknown}
 l - a potion of attraction {unknown}
 m - 2 potions of might {unknown}
 r - 3 potions of degeneration {unknown}
 s - a potion of cancellation {unknown}
 t - a potion of flight {unknown}
 z - 2 potions of lignification {unknown}
 B - 2 potions of resistance {unknown}
 E - a potion of heal wounds {unknown}
 F - a potion of mutation {unknown}


   Skills:
 + Level 6.8 Fighting
 + Level 4.9 Short Blades
 + Level 1.8 Long Blades
 + Level 1.8 Axes
 + Level 1.8 Maces & Flails
 + Level 1.8 Polearms
 + Level 1.8 Staves
 + Level 1.8 Ranged Weapons
 + Level 1.8 Throwing
 + Level 1.8 Armour
 + Level 4.9 Dodging
 + Level 9.7 Stealth
 + Level 1.8 Shields
 + Level 1.8 Unarmed Combat
 + Level 1.8 Spellcasting
 + Level 1.4 Conjurations
 + Level 1.4 Hexes
 + Level 1.4 Summonings
 + Level 1.4 Necromancy
 + Level 1.4 Translocations
 + Level 1.4 Transmutations
 + Level 1.4 Fire Magic
 + Level 1.4 Ice Magic
 + Level 1.4 Air Magic
 + Level 1.4 Earth Magic
 + Level 1.4 Poison Magic
 + Level 2.0 Invocations
 + Level 1.8 Evocations


You had 7 spell levels left.
You didn't know any spells.
Your spell library contained the following spells:

 Spells                   Type           Power      Damage    Failure   Level
 Cause Fear               Hex            2%         N/A       91%         4
 Dragon Form              Tmut           2%         N/A       100%        7
 Dragon's Call            Summ           2%         N/A       100%        9


Dungeon Overview and Level Annotations

Branches:
Dungeon (5/15)
 Temple: D:4-7

Altars:

Annotations:
D:5 Blork the orc


Innate Abilities, Weirdness & Mutations

You have very sharp teeth.
Your uncanny sense of smell can sniff out nearby items.
Your experience applies equally to all skills.


Message History

You closely miss the jackal.
The jackal is severely wounded.
The jackal bites you but does no damage. x2
You miss the jackal. You bite the jackal.
You kill the jackal!
You hit the jackal.
Your weapon exudes an aura of protection.
You kill the jackal!
The orc hits you but does no damage.
You hit the orc but do no damage. The orc hits you but does no damage.
You sock the orc!
You kill the orc!
You closely miss the hobgoblin.
You punch the hobgoblin, but do no damage.
The hobgoblin hits you.
You sock the hobgoblin!
You kill the hobgoblin!
The orc priest misses you.
You barely miss the orc priest.
The orc priest hits you but does no damage.
You hit the orc priest but do no damage.
You bite the orc priest, but do no damage.
The orc priest invokes the aid of Beogh against you.
Beogh smites you!
* * * LOW HITPOINT WARNING * * *
You thump the orc priest!
You bite the orc priest, but do no damage.
The orc priest is heavily wounded.
The orc priest hits you but does no damage. x2
You hit the orc priest.
The orc priest is severely wounded.
The orc priest hits you but does no damage.
You barely miss the orc priest.
The orc priest is severely wounded.
The orc priest hits you but does no damage.
You hit the orc priest.
The orc priest is almost dead.
The orc priest calls down the wrath of Beogh upon you.
Pain shoots through your body!
You die...

..............#...##
.......................
...>..........#.#.#.#.
.....∆...........#>....#.#.
..... .........####.......
...... ........####........
...... ##........##.#..#...
......# #............).....
....o..###@###.............
#.....#o##..........#...
#.......##.#............
#..........#............
............(......#.....#.
........................###
.###................#.....#
.........#...............
..........#.#.............


You could see an orc priest.

Vanquished Creatures
  An orc priest (D:4)
  A hound (D:5)
  Ijyb (D:3)
  An orc wizard (D:3)
  3 adders
  An ufetubus (D:4)
  A worm (D:4)
  A dart slug (D:1)
  11 orcs
  3 bats
  4 endoplasms
  3 giant cockroaches
  8 goblins
  5 hobgoblins
  3 jackals (D:4)
  A quokka (D:4)
  4 ball pythons
  A frilled lizard (D:2)
  4 kobolds
  6 rats
63 creatures vanquished.

Notes
Turn   | Place    | Note
-------+----------+-------------------------------------------
     0 | D:5      | Reached skill level 9 in Stealth
     0 | D:5      | leafyfresh the Gnoll Delver began the quest for the Orb.
     0 | D:5      | Reached XP level 1. HP: 23/23 MP: 1/1
    17 | D:5      | Noticed a hound
    22 | D:5      | Killed a hound
    23 | D:5      | Reached XP level 2. HP: 29/29 MP: 1/3
    23 | D:5      | Reached XP level 3. HP: 35/35 MP: 1/4
    46 | D:5      | Noticed Blork the orc
    89 | D:4      | Reached skill level 1 in Invocations
   111 | D:4      | Reached skill level 1 in Long Blades
   111 | D:4      | Reached skill level 1 in Axes
   111 | D:4      | Reached skill level 1 in Maces & Flails
   111 | D:4      | Reached skill level 1 in Polearms
   111 | D:4      | Reached skill level 1 in Staves
   111 | D:4      | Reached skill level 1 in Ranged Weapons
   111 | D:4      | Reached skill level 1 in Throwing
   111 | D:4      | Reached skill level 1 in Armour
   111 | D:4      | Reached skill level 1 in Shields
   111 | D:4      | Reached skill level 1 in Unarmed Combat
   111 | D:4      | Reached skill level 1 in Spellcasting
   111 | D:4      | Reached skill level 1 in Evocations
   231 | D:3      | Reached XP level 4. HP: 33/41 MP: 5/5
   235 | D:3      | Reached skill level 1 in Conjurations
   235 | D:3      | Reached skill level 1 in Hexes
   235 | D:3      | Reached skill level 1 in Summonings
   235 | D:3      | Reached skill level 1 in Necromancy
   235 | D:3      | Reached skill level 1 in Translocations
   235 | D:3      | Reached skill level 1 in Transmutations
   235 | D:3      | Reached skill level 1 in Fire Magic
   235 | D:3      | Reached skill level 1 in Ice Magic
   235 | D:3      | Reached skill level 1 in Air Magic
   235 | D:3      | Reached skill level 1 in Earth Magic
   235 | D:3      | Reached skill level 1 in Poison Magic
   501 | D:3      | Noticed Ijyb
   962 | D:2      | Found a faded altar of an unknown god.
  1614 | D:1      | Reached XP level 5. HP: 47/47 MP: 7/7
  2395 | D:3      | HP: 2/47 [Ijyb/+0 club (3)]
  2397 | D:3      | Killed Ijyb
  3689 | D:4      | HP: 1/47 [orc priest/divine providence (16)]
  3693 | D:4      | Killed from afar by an orc priest

Illustrated notes

Levels and vault maps discovered:
D:1:      scummos_arrival_simple_fountains, layout_basic, minmay_door_square
D:2:      layout_basic, hellmonk_ecumenical_altar_pennies_from_heaven
D:3:      layout_loops_ring, minmay_misc_feat_rugged, minmay_cupped, uniq_ijyb
D:4:      layout_rooms, minmay_temple_entry_stoned_glass
D:5:      layout_loops_ring, minivault_4, hex_large, uniq_blork_the_orc

Skill      XL: |  1  2  3  4  5 |
---------------+----------------+-----
Stealth        | |  9.7
Invocations    | 1 2 |  2.0
Long Blades    | 1 |  1.8
Axes           | 1 |  1.8
Maces & Flails | 1 |  1.8
Polearms       | 1 |  1.8
Staves         | 1 |  1.8
Ranged Weapons | 1 |  1.8
Throwing       | 1 |  1.8
Armour         | 1 |  1.8
Shields        | 1 |  1.8
Unarmed Combat | 1 |  1.8
Spellcasting   | 1 |  1.8
Evocations     | 1 |  1.8
Conjurations   | 1 |  1.4
Hexes          | 1 |  1.4
Summonings     | 1 |  1.4
Necromancy     | 1 |  1.4
Translocations | 1 |  1.4
Transmutations | 1 |  1.4
Fire Magic     | 1 |  1.4
Ice Magic      | 1 |  1.4
Air Magic      | 1 |  1.4
Earth Magic    | 1 |  1.4
Poison Magic   | 1 |  1.4
Fighting       | |  6.8
Short Blades   | |  4.9
Dodging        | |  4.9

Action                     |  1- 3 |  4- 6 || total
---------------------------+-------+-------++-------
  Melee: Short sword       |    40 |   363 ||   403
         Punch             |     4 |     6 ||    10
         Bite              |     1 |    55 ||    56
         Mace              |       |    17 ||    17
  Evoke: Wand              |       |     1 ||     1
    Use: Potion            |     1 |       ||     1
         Scroll            |       |     1 ||     1
   Stab: Sleeping          |     1 |    27 ||    28
 Armour: Leather armour    |     6 |    61 ||    67
  Dodge: Dodged            |    30 |   156 ||   186
